 Dungeon Crawl Stone Soup version 0.30-a0-824-g6c64550be9 (webtiles) character file.

Game seed: 17523488294361146103

5014 cforsyth the Covert (level 10, 0/58 HPs)
             Began as a Kobold Brigand on Feb 28, 2023.
             Was a Believer of Hepliaklqana.
             Slain by a wolf (8 damage)
             ... on level 8 of the Dungeon.
             The game lasted 00:12:50 (10402 turns).

cforsyth the Covert (Kobold Brigand)               Turns: 10402, Time: 00:12:50

Health: 0/58       AC:  6    Str:  8    XL:     10   Next: 84%
Magic:  10/10      EV: 22    Int: 13    God:    Hepliaklqana [**....]
Gold:   488        SH:  0    Dex: 23    Spells: 9/9 levels left

rFire   . . .      SeeInvis .    o - +5 dagger (elec)
rCold   . . .      Faith    .    (no shield)
rNeg    + . .      Spirit   .    b - +0 robe
rPois   .          Reflect  .    (no helmet)
rElec   .          Harm     .    c - +0 cloak
rCorr   +          Rampage  .    (no gloves)
Will    .....      Rage     3%   P - +0 pair of boots
Stlth   +++++++                  (no amulet)
HPRegen 0.29/turn                g - ring of resist corrosion
MPRegen 0.12/turn                O - ring of positive energy

@: no status effects
A: reduced essence, small, no large weapons, nightstalker 3, iridescent scales
1, thin skeletal structure 1, berserk 1
a: Renounce Religion, Recall Ancestor, Ancestor Identity


You were on level 8 of the Dungeon.
You worshipped Hepliaklqana.
Hepliaklqana was pleased with you.
You visited 2 branches of the dungeon, and saw 10 of its levels.
You also visited: Ossuary.

You collected 488 gold pieces.

Inventory:

Hand Weapons
 a - a +2 dagger
 o - a +5 dagger of electrocution (weapon)
Missiles
 d - 17 poisoned darts (quivered)
 e - 3 curare-tipped darts
 u - 5 datura-tipped darts
Armour
 b - a +0 robe (worn)
 c - a +0 cloak (worn)
 P - a +0 pair of boots (worn)
Jewellery
 g - a ring of resist corrosion (left hand)
 r - a ring of magical power
 H - an amulet of faith
 O - a ring of positive energy (right hand)
Wands
 s - a wand of flame (4)
 F - a wand of charming (8)
Scrolls
 f - 9 scrolls of identify {unknown}
 h - a scroll of fear {unknown}
 j - 2 scrolls of vulnerability
 m - a scroll of magic mapping
 n - a scroll of amnesia
 t - 2 scrolls of blinking
 v - 2 scrolls of enchant weapon
 y - a scroll of butterflies {unknown}
 B - a scroll of brand weapon {unknown}
 G - 2 scrolls of torment {unknown}
 I - a scroll of fog {unknown}
 L - 2 scrolls of teleportation {unknown}
 M - a scroll of silence {unknown}
 N - 2 scrolls of noise
Potions
 i - a potion of might
 k - 2 potions of resistance {unknown}
 l - 3 potions of lignification
 p - 2 potions of curing
 q - 2 potions of attraction {unknown}
 w - 2 potions of ambrosia {unknown}
 x - a potion of cancellation {unknown}
 z - 2 potions of brilliance {unknown}
 A - a potion of haste {unknown}
 C - a potion of invisibility {unknown}
 D - 3 potions of heal wounds {unknown}
 E - a potion of flight {unknown}
 J - 4 potions of mutation
 K - a potion of berserk rage {unknown}


   Skills:
 + Level 8.7 Fighting
 + Level 10.3 Short Blades
 - Level 2.1 Throwing
 + Level 9.2 Dodging
 + Level 12.0 Stealth


You had 9 spell levels left.
You didn't know any spells.
Your spell library contained the following spells:

 Spells                   Type           Power      Damage    Failure   Level
 Freeze                   Ice            0%         1d3       30%         1
 Lesser Beckoning         Tloc           0%         N/A       43%         2
 Frozen Ramparts          Ice            0%         1d1       67%         3
 Gell's Gravitas          Tloc           0%         N/A       67%         3
 Hailstorm                Conj/Ice       0%         3d3       67%         3
 Teleport Other           Tloc           0%         N/A       67%         3
 Yara's Violent Unravell  Hex/Tmut       0%         3d3       100%        5
 Enfeeble                 Hex            0%         N/A       100%        7


Dungeon Overview and Level Annotations

Branches:
Dungeon (9/15)             Temple (1/1) D:5            Lair (0/5) D:9
Ossuary (visited)
    Orc: D:9-12

Altars:
Ashenzari
Cheibriados
Dithmenos
Elyvilon
Fedhas
Gozag
Hepliaklqana
Nemelex Xobeh
Okawaru
Qazlal
Sif Muna
Trog
Uskayaw
Vehumet
Wu Jian
Xom
Yredelemnul
Zin
The Shining One

Shops:
D:5 :

Annotations:
D:2 1 runed translucent door, Crazy Yiuf
D:4 Grinder
D:7 2 transporters, cforsyth's ghost, journeyman KoBr


Innate Abilities, Weirdness & Mutations

Your life essence is reduced to manifest your ancestor. (-10% HP)
You are small and have problems with some larger weapons.
You are completely attuned to the shadows.
You are partially covered in iridescent scales. (AC +2)
You have a somewhat thin skeletal structure. (Dex +2, Stealth+)
You sometimes lose your temper in combat.


Message History

* * * LOW HITPOINT WARNING * * *
The wolf closely misses you. The wolf attacks as you move away!
The wolf bites you.
* * * LOW HITPOINT WARNING * * *
The wolf completely misses you. The wolf attacks as you move away!
The wolf misses you. The wolf attacks as you move away! The wolf misses you.
The wolf barely misses you. The wolf completely misses you. The wolf bites you!
* * * LOW HITPOINT WARNING * * *
The wolf barely misses you. The wolf attacks as you move away!
The wolf misses you. x2
The wolf attacks as you move away! The wolf closely misses you.
The wolf bites you.
* * * LOW HITPOINT WARNING * * *
There is a stone staircase leading up here.
Unknown command.
Unknown command.
There are no items here.
Unknown command.
Unknown command.
Unknown command.
Unknown command.
Unknown command.
Unknown command.
The wolf misses you. The wolf closely misses you.
You climb upwards.
There is a stone staircase leading down here.
It was a potion of mutation.
You feel extremely strange.
You feel a little pissed off.
Your bones become slightly less dense.
Iridescent scales grow over part of your body.
The wolf completely misses you.
It was a potion of curing.
You feel better. The wolf bites you.
* * * LOW HITPOINT WARNING * * *
The wolf misses you.
You hit the wolf.
The wolf is moderately wounded.
The wolf bites you!
You die...

#......†..#####......##..≈≈
#......†..#####......##~.~≈
#.....###.#...#.###..##..)~
#.......#.#R###.#.......~≈~
#.......#...#...#...###~.~~
#.......#########...# #..≈~
#..........###+########~.≈≈
#...............#####....≈≈
#........h@.....'...'....≈≈
#...............#####...#≈≈
#..........###......'...#≈≈
############ ########...##≈
#...### #...##.
################.
#~~~#~~~~~~~~~~##
###~~#######~~~~~


You could see a wolf.

Vanquished Creatures
  A cyclops (D:8)
  A rime drake (D:9)
  A hornet (D:7)
  Sigmund (D:2)
  A wyvern (D:7)
  A steam dragon (D:7)
  2 ice beasts
  3 orc warriors
  A hornet zombie (Ossuary)
  A sky beast (D:6)
  2 ogres
  A wolf (D:9)
  4 centaurs
  3 kobold brigands
  2 bullfrogs
  3 gnoll sergeants
  6 wyvern zombies (Ossuary)
  2 scorpions
  3 howler monkeys
  3 bullfrog zombies (Ossuary)
  5 hounds
  A jelly (D:6)
  A gnoll bouda (D:7)
  2 iguanas
  Jessica (D:2)
  14 mummies (Ossuary)
  2 orc wizards
  5 killer bee zombies (Ossuary)
  A howler monkey zombie (Ossuary)
  9 gnolls
  5 adders
  4 white imps
  3 ufetubi
  4 worms (D:4)
  2 dart slugs
  20 orcs
  2 ball pythons (D:3)
  4 bats
  8 endoplasms
  4 giant cockroaches
  2 hobgoblins
  4 jackals (D:3)
  A quokka (D:2)
  2 frilled lizards
  3 goblins
  14 kobolds
  4 rats
169 creatures vanquished.

Vanquished Creatures (collateral kills)
  An orc warrior (D:8)
  A howler monkey (D:8)
  2 orc priests
  An orc wizard (D:8)
  6 gnolls (D:8)
  6 orcs
  A kobold (D:8)
18 creatures vanquished.

Vanquished Creatures (others)
  3 hexers
  10 withered plants (Ossuary)
13 creatures vanquished.

Grand Total: 200 creatures vanquished

Notes
Turn   | Place    | Note
-------+----------+-------------------------------------------
     0 | D:1      | cforsyth the Kobold Brigand began the quest for the Orb.
     0 | D:1      | Reached XP level 1. HP: 12/12 MP: 1/1
   216 | D:1      | Reached XP level 2. HP: 18/18 MP: 2/2
  1218 | D:2      | Reached XP level 3. HP: 22/22 MP: 3/3
  1223 | D:2      | Noticed Jessica
  1231 | D:2      | Killed Jessica
  1370 | D:2      | Reached XP level 4. HP: 27/27 MP: 4/4
  1419 | D:2      | Noticed Sigmund
  1423 | D:2      | Killed Sigmund
  1424 | D:2      | Reached skill level 6 in Stealth
  1424 | D:2      | Reached XP level 5. HP: 33/33 MP: 5/5
  1424 | D:2      | Reached XP level 6. HP: 38/38 MP: 6/6
  1727 | D:2      | Found a runed translucent door.
  1730 | D:2      | Noticed Crazy Yiuf
  1819 | D:3      | Identified the +4 scale mail "Pyrrio" {rC+}
  1929 | D:3      | Identified the +5 rapier "Keppuv" {holy, Contam Str-5 Int+8
                  | SInv}
  2015 | D:3      | Noticed an ogre
  2018 | D:3      | Killed an ogre
  2019 | D:3      | Reached skill level 7 in Stealth
  2140 | D:3      | Reached skill level 5 in Short Blades
  2316 | D:3      | Reached XP level 7. HP: 43/43 MP: 7/7
  3013 | D:4      | Noticed Grinder
  3550 | D:5      | Entered Level 5 of the Dungeon
  4044 | D:5      | Reached XP level 8. HP: 48/48 MP: 8/8
  4118 | D:5      | Reached skill level 5 in Dodging
  4118 | D:5      | Reached skill level 8 in Stealth
  4120 | D:5      | Found a staircase to the Ecumenical Temple.
  4201 | D:5      | Found an ornate altar of the Wu Jian Council.
  4463 | Temple   | Entered the Ecumenical Temple
  4473 | Temple   | Became a worshipper of Hepliaklqana the Forgotten
  4518 | D:5      | Reached skill level 5 in Fighting
  5188 | D:5      | Found Memeg's Book Emporium.
  5826 | D:6      | Reached skill level 9 in Stealth
  6019 | D:7      | Found a sand-covered staircase.
  6025 | Ossuary  | Entered an ossuary
  6059 | Ossuary  | Reached XP level 9. HP: 35/55 MP: 9/9
  6597 | Ossuary  | Reached skill level 10 in Stealth
  7567 | D:7      | Reached * piety under Hepliaklqana
  7568 | D:7      | Noticed a hornet
  7581 | D:7      | Killed a hornet
  7866 | D:7      | Found a transporter.
  7870 | D:7      | Noticed cforsyth's ghost (journeyman KoBr)
  7872 | D:7      | Found a transporter.
  8209 | D:7      | Reached XP level 10. HP: 46/56 MP: 10/10
  8211 | D:7      | Found a shimmering blue altar of Sif Muna.
  8529 | D:8      | Noticed a cyclops
  8533 | D:8      | Killed a cyclops
  8534 | D:8      | Reached skill level 11 in Stealth
  8880 | D:8      | Reached ** piety under Hepliaklqana
  8881 | D:8      | Remembered your ancestor Ælfthryth as a hexer
 10023 | D:9      | Reached skill level 10 in Short Blades
 10350 | D:9      | Found a staircase to the Lair.
 10350 | D:9      | Noticed a rime drake
 10354 | D:9      | Killed a rime drake
 10355 | D:9      | Reached skill level 12 in Stealth
 10397 | D:9      | HP: 1/58 [wolf (5)]
 10400 | D:8      | Gained mutation: You sometimes lose your temper in combat.
                  | [potion of mutation]
 10400 | D:8      | Gained mutation: You have a somewhat thin skeletal
                  | structure. (Dex +2, Stealth+) [potion of mutation]
 10400 | D:8      | Gained mutation: You are partially covered in iridescent
                  | scales. (AC +2) [potion of mutation]
 10402 | D:8      | Slain by a wolf

Illustrated notes

Levels and vault maps discovered:
D:1:      dpeg_arrival_fog, layout_basic
D:2:      layout_basic, uniq_jessica, uniq_sigmund, uniq_crazy_yiuf_cottage
D:3:      layout_basic, minmay_misc_feat_x, kennysheep_generic_room_4
D:4:      layout_loops_cross, uniq_grinder
D:5:      layout_basic, nzn_wu_jian_council_hall, minmay_temple_entry_ruins,
          nicolae_inconvenience_store, minmay_misc_feat_hallway
D:6:      layout_cave_pools
D:7:      layout_rooms, lemuel_doored_altar, enter_ossuary_1,
          gammafunk_ghost_arena
D:8:      layout_basic, serial_rivers, chequers_serial_rivers_room_b,
          chequers_serial_rivers_large_a, chequers_serial_rivers_large_b,
          chequers_serial_rivers_small_3, minmay_misc_feat_encased,
          bh_walls_and_bars
D:9:      layout_grid_maze, hellmonk_lair_entry_icy, david_orc_5
Temple:   sentei_temple_godly_chess

Skill      XL: |  1  2  3  4  5  6  7  8  9 10 |
---------------+-------------------------------+-----
Short Blades   | 3 4 5 7 8 10 | 10.3
Dodging        | 2 3 4 6 7 9 |  9.2
Fighting       | 3 4 6 7 8 |  8.7
Stealth        | 6 7 9 10 12 | 12.0
Throwing       | |  2.1

Action                     |  1- 3 |  4- 6 |  7- 9 | 10-12 || total
---------------------------+-------+-------+-------+-------++-------
  Melee: Dagger            |    28 |    26 |   324 |   147 ||   525
         Punch             |       |       |    11 |     1 ||    12
 Invoke: Recall Ancestor   |       |       |     1 |       ||     1
         Ancestor Life: He |       |       |       |     1 ||     1
    Use: Potion            |       |       |     4 |     2 ||     6
         Scroll            |       |       |       |     6 ||     6
   Stab: Sleeping          |    15 |     7 |    27 |     3 ||    52
         Distracted        |       |       |     5 |     1 ||     6
         Confused          |       |       |       |     2 ||     2
 Armour: Robe              |     3 |     1 |    13 |     8 ||    25
         Skin              |       |       |    20 |       ||    20
  Dodge: Dodged            |     5 |    11 |   115 |   161 ||   292

Table legend: (Time is in decaauts)
 A = Elapsed time spent in this place.
 B = Non-inter-level travel time spent in this place.
 C = Inter-level travel time spent in this place.
 D = Time resting spent in this place.
 E = Time spent auto-exploring this place.
 F = Levels seen in this place.
 G = Mean time per level.
                   A        B        C        D        E       F      G
               +--------+--------+--------+--------+--------+-----+--------+
         Total |  10356 |  10030 |    326 |   1978 |   6535 |  11 |  941.5 |
       Dungeon |   8851 |   8534 |    317 |   1055 |   6243 |   9 |  983.4 |
        Temple |     19 |     10 |      9 |      0 |      1 |   1 |   19.0 |
       Ossuary |   1485 |   1485 |      0 |    922 |    290 |   1 | 1485.0 |
               +--------+--------+--------+--------+--------+-----+--------+

Top non-repeatable levels by time:
     D:8: 1564 daAuts
 Ossuary: 1485 daAuts
     D:5: 1450 daAuts
     D:3: 1179 daAuts
     D:1: 1011 daAuts
     D:4: 937 daAuts
     D:7: 918 daAuts
     D:2: 787 daAuts
     D:6: 599 daAuts
     D:9: 403 daAuts
  Temple: 19 daAuts
